 Dungeon Crawl Stone Soup version 0.30-a0-715-gdb4ae3ece1 (webtiles) character file.

Game seed: 2225385682195448227

958 Dirtsage the Changer (level 8, -5/51 HPs)
             Began as an Octopode Transmuter on Jan 23, 2023.
             Was an Initiate of Gozag.
             Killed from afar by an orc wizard (10 damage)
             ... with a puff of flame
             ... on level 6 of the Dungeon.
             The game lasted 00:10:02 (4817 turns).

Dirtsage the Changer (Octopode Transmuter)          Turns: 4817, Time: 00:10:03

Health: -5/51      AC:  1    Str:  9 (10) XL:     8   Next: 14%
Magic:  11/11      EV: 18    Int: 16 (17) God:    Gozag
Gold:   308        SH:  0    Dex: 10 (12) Spells: 4/11 levels left

rFire   . . .      SeeInvis .      - Unarmed
rCold   . . .      Faith    .    (no shield)
rNeg    . . .      Spirit   .    (helmet currently unavailable)
rPois   .          Reflect  .    (no amulet)
rElec   .          Harm     .    r - ring of willpower
rCorr   .          Rampage  .    A - +5 ring of evasion
Will    +....                    (no ring)
Stlth   ++                       (no ring)
HPRegen 0.28/turn                (no ring)
MPRegen 0.12/turn                (no ring)
                                 (no ring)
                                 (no ring)

@: brilliant, appendages
A: tentacle spike 3, almost no armour, amphibious, 8 rings, camouflage 1,
gelatinous body 1, (nimble swimmer 1), tentacles
a: End Transformation, Renounce Religion, Potion Petition, Call Merchant, Bribe
Branch


You were on level 6 of the Dungeon.
You worshipped Gozag.
Gozag was aware of your devotion.
One of your tentacles had grown a beastly spike.
You visited 2 branches of the dungeon, and saw 7 of its levels.

You collected 387 gold pieces.
You paid 79 gold pieces to Gozag.

Inventory:

Hand Weapons
 s - the +10 rapier of the Moth {freeze, Fly Str+3 Int-3}
   (You found it on level 3 of the Dungeon)

   Str:       It affects your strength (+3).
   Int:       It affects your intelligence (-3).
   Fly:       It grants you flight.
Missiles
 k - 2 curare-tipped darts
Armour
 D - a +1 hat of stealth (melded)
Magical Staves
 B - a staff of death
Jewellery
 r - a ring of willpower (left tentacle)
 A - a +5 ring of evasion (right tentacle)
Wands
 p - a wand of paralysis (10)
 C - a wand of mindburst (13)
Scrolls
 c - a scroll of vulnerability {unknown}
 d - 2 scrolls of teleportation {unknown}
 e - a scroll of torment {unknown}
 g - a scroll of brand weapon {unknown}
 l - a scroll of enchant weapon {unknown}
 m - 11 scrolls of identify {unknown}
 n - 2 scrolls of poison {unknown}
 o - a scroll of amnesia {unknown}
 t - a scroll of immolation {unknown}
 u - a scroll of fear {unknown}
 v - 2 scrolls of silence {unknown}
 x - a scroll of magic mapping {unknown}
 y - a scroll of noise {unknown}
 z - a scroll of fog {unknown}
 E - a scroll of enchant armour {unknown}
Potions
 a - a potion of lignification
 b - a potion of mutation {unknown}
 f - 2 potions of brilliance
 h - 2 potions of haste
 i - a potion of heal wounds {unknown}
 j - 5 potions of curing {unknown}
 q - a potion of degeneration
 w - a potion of resistance {unknown}


   Skills:
 - Level 2.9 Fighting
 - Level 2.0 Dodging
 + Level 3.9 Unarmed Combat
 - Level 2.0 Spellcasting
 * Level 6.1 Transmutations
 * Level 5.6 Ice Magic


You had 4 spell levels left.
You knew the following spells:

 Your Spells              Type           Power      Damage    Failure   Level
a - Beastly Appendage     Tmut           62%        N/A       1%          1
b - Wereblood             Tmut           31%        N/A       2%          2
c - Ice Form              Ice/Tmut       30%        N/A       19%         4

Your spell library contained the following spells:

 Spells                   Type           Power      Damage    Failure   Level
 Passwall                 Tmut/Erth      14%        N/A       9%          2
 Ensorcelled Hibernation  Hex/Ice        30%        N/A       10%         2
 Spider Form              Tmut/Pois      17%        N/A       19%         3
 Magic Dart               Conj           8%         1d3       21%         1
 Searing Ray              Conj           4%         2d4       30%         2
 Portal Projectile        Hex/Tloc       4%         N/A       52%         3
 Swiftness                Air            2%         N/A       52%         3
 Tukima's Dance           Hex            2%         N/A       52%         3
 Fulminant Prism          Conj/Hex       1%         3d5       90%         4
 Blade Hands              Tmut           15%        N/A       43%         5


Dungeon Overview and Level Annotations

Branches:
Dungeon (6/15)             Temple (1/1) D:5

Altars:
Fedhas
Gozag
Hepliaklqana
Kikubaaqudgha
Makhleb
Nemelex Xobeh
Okawaru
Qazlal
Sif Muna
Trog
Uskayaw
Vehumet
Xom
Yredelemnul
Zin

Shops:
D:5 [

Annotations:
D:6 Maggie


Innate Abilities, Weirdness & Mutations

One of your tentacles has grown a beastly spike.
You cannot wear most types of armour.
You are amphibious.
You can wear up to eight rings at the same time.
Your skin changes colour to match your surroundings (Stealth+).
Your rubbery body absorbs attacks. (AC +1, EV +1)
((You are camouflaged when in or above water. (Stealth+)))
You have tentacles for arms and can constrict up to eight enemies at once.


Message History

You constrict Maggie.
Maggie says, "Leave now, and tell all of Margery's mercy!"
Maggie zaps a wand.
The roots erupt in riotous growth!
The grasping roots grab you!
Maggie is unaffected.
The grasping roots constrict you!
* * * LOW HITPOINT WARNING * * *
You take 10 damage, and have 11/51 hp.
You tentacle-slap Maggie but do no damage.
Maggie is moderately wounded.
You constrict Maggie, but do no damage.
You tentacle-slap Maggie but do no damage.
You pierce Maggie, but do no damage.
Maggie is moderately wounded.
You constrict Maggie, but do no damage. Maggie closely misses you.
The grasping roots constrict you.
* * * LOW HITPOINT WARNING * * *
The grasping roots release their grip on you.
You take 5 damage, and have 7/51 hp.
MP restored: 11 You tentacle-slap Maggie but do no damage.
Maggie is moderately wounded.
You constrict Maggie.
Maggie zaps a wand.
The roots erupt in riotous growth!
The grasping roots grab you!
Maggie is unaffected.
The grasping roots constrict you.
* * * LOW HITPOINT WARNING * * *
You take 5 damage, and have 2/51 hp.
The roots grasp on you weakens, but your attempt to escape fails.
You constrict Maggie.
You escape the roots grasp.
You release your grip on Maggie.
An orc priest comes into view. It is wielding a +0 club.
An orc wizard comes into view. It is wielding a +0 dagger.
It was a potion of brilliance.
You feel clever all of a sudden.
It was a potion of degeneration.
There was something very wrong with that liquid.
You feel weakened.
You feel dopey.
You feel clumsy.
The orc wizard gestures at you while chanting.
The puff of flame hits you!
You die...
Your body crumbles into a pile of gold.

#......### #.......(# #
######.#...# ...
#.###.## .... #.@....#.#
....# ###..o..o.# .....
##...##..###
#..#.##..####..#..
..........@.o....# $
........######..##
.####.....# ..#.
##....#####..........).
##.#...#..............
#....................
#..##................
#.###...................
#.......................


You could see an orc wizard.

Vanquished Creatures
  A black bear (D:6)
  An ogre (D:5)
  A phantom (D:4)
  A bullfrog (D:4)
  3 necrophages
  2 jellies
  2 hounds (D:5)
  An iguana (D:5)
  Terence (D:3)
  2 orc wizards (D:4)
  6 gnolls
  5 adders
  A shadow imp (D:6)
  An ufetubus (D:4)
  2 worms
  3 dart slugs (D:1)
  7 orcs
  8 ball pythons
  10 bats
  16 endoplasms
  2 giant cockroaches
  5 goblins
  6 hobgoblins
  5 jackals
  5 quokkas
  7 frilled lizards
  8 kobolds
  8 rats
120 creatures vanquished.

Notes
Turn   | Place    | Note
-------+----------+-------------------------------------------
     0 | D:1      | Dirtsage the Octopode Transmuter began the quest for the
                  | Orb.
     0 | D:1      | Reached XP level 1. HP: 13/13 MP: 3/3
   147 | D:1      | Reached skill level 1 in Ice Magic
   147 | D:1      | Reached XP level 2. HP: 18/18 MP: 3/5
   437 | D:1      | Reached XP level 3. HP: 23/23 MP: 4/6
   734 | D:1      | Learned a level 2 spell: Wereblood
   940 | D:2      | Reached skill level 3 in Transmutations
  1041 | D:2      | Reached XP level 4. HP: 28/28 MP: 7/7
  1902 | D:3      | Noticed Terence
  1907 | D:3      | Killed Terence
  1917 | D:3      | Identified the +10 rapier of the Moth {freeze, Fly Str+3
                  | Int-3}
  1979 | D:3      | Reached XP level 5. HP: 33/33 MP: 8/8
  1984 | D:3      | Learned a level 4 spell: Ice Form
  2072 | D:3      | Found a faded altar of an unknown god.
  2419 | D:4      | Noticed a phantom
  2424 | D:4      | Reached skill level 4 in Transmutations
  2431 | D:4      | Killed a phantom
  2432 | D:4      | Reached XP level 6. HP: 13/39 MP: 7/9
  2626 | D:4      | Found a bloodstained altar of Trog.
  3229 | D:4      | Reached XP level 7. HP: 18/45 MP: 7/10
  3392 | D:4      | Reached skill level 5 in Transmutations
  3409 | D:5      | Entered Level 5 of the Dungeon
  3454 | D:5      | Found a staircase to the Ecumenical Temple.
  3463 | Temple   | Entered the Ecumenical Temple
  3526 | Temple   | Became a worshipper of Gozag Ym Sagoz the Greedy
  3898 | D:5      | Found a glowing silver altar of Zin.
  3899 | D:5      | Noticed an angel
  3962 | D:5      | Reached skill level 5 in Ice Magic
  4101 | D:5      | Found Tomm's Armour Shoppe.
  4134 | D:5      | Found a stormy altar of Qazlal.
  4603 | D:6      | Reached skill level 6 in Transmutations
  4603 | D:6      | Reached XP level 8. HP: 51/51 MP: 7/11
  4795 | D:6      | Noticed Maggie
  4806 | D:6      | HP: 2/51 [constriction (5)]
  4817 | D:6      | Killed from afar by an orc wizard

Illustrated notes

Levels and vault maps discovered:
D:1:      dpeg_arrival_leaves_temple_mockup, layout_basic
D:2:      layout_basic, hangedman_decor_lopped
D:3:      layout_basic, lemuel_round_altar, shapermc_ecumenical_altar_venn,
          uniq_terence
D:4:      nicolae_cairo_tiling_large, layout_rooms,
          nicolae_overflow_crystal_walls, minmay_joined_circles
D:5:      layout_cave_pods, kennysheep_mini, zin_angel,
          minmay_temple_entry_sparse_star, serial_shops, nicolae_stop_n_shop_1
D:6:      layout_rooms, uniq_maggie
Temple:   nicolae_temple_x_marks_the_god

Skill      XL: |  1  2  3  4  5  6  7 |
---------------+----------------------+-----
Ice Magic      | 1 2 3 4 5 |  5.6
Transmutations | 3 4 6 |  6.1
Fighting       | 2 |  2.9
Dodging        | |  2.0
Unarmed Combat | |  3.9
Spellcasting   | |  2.0

Action                     |  1- 3 |  4- 6 |  7- 9 || total
---------------------------+-------+-------+-------++-------
  Melee: Unarmed           |    84 |    44 |    53 ||   181
         Constrict         |    23 |    24 |     4 ||    51
         Kick              |    17 |    11 |     4 ||    32
         Tentacles         |    15 |    15 |     5 ||    35
         Punch             |     4 |     2 |     1 ||     7
         Rapier            |       |    68 |     8 ||    76
  Throw: Dart              |       |     1 |     1 ||     2
   Cast: Beastly Appendage |    12 |    12 |     2 ||    26
         Wereblood         |     1 |     2 |     3 ||     6
         Ice Form          |       |       |     7 ||     7
    Use: Potion            |       |     1 |     2 ||     3
   Stab: Sleeping          |     8 |    10 |     1 ||    19
 Armour: Skin              |    10 |     8 |     9 ||    27
  Dodge: Dodged            |    38 |    66 |    36 ||   140

Table legend: (Time is in decaauts)
 A = Elapsed time spent in this place.
 B = Non-inter-level travel time spent in this place.
 C = Inter-level travel time spent in this place.
 D = Time resting spent in this place.
 E = Time spent auto-exploring this place.
 F = Levels seen in this place.
 G = Mean time per level.
                   A        B        C        D        E       F      G
               +--------+--------+--------+--------+--------+-----+--------+
         Total |   4805 |   4711 |     94 |     41 |   3841 |   7 |  686.4 |
       Dungeon |   4731 |   4662 |     69 |     41 |   3799 |   6 |  788.5 |
        Temple |     73 |     48 |     25 |      0 |     42 |   1 |   73.0 |
               +--------+--------+--------+--------+--------+-----+--------+

Top non-repeatable levels by time:
     D:5: 1097 daAuts
     D:4: 894 daAuts
     D:1: 874 daAuts
     D:3: 866 daAuts
     D:2: 767 daAuts
     D:6: 232 daAuts
  Temple: 73 daAuts
